 Dungeon Crawl Stone Soup version 0.26-a0-651-gb41185065b (webtiles) character file.

Game seed: 14565755190489663373

517 Irenicus the Vexing (level 7, -2/52 HPs)
             Began as a Gnoll Arcane Marksman on Oct 28, 2020.
             Killed from afar by an orc wizard (32 damage)
             ... with an exploding inner flame
             ... hexed by the player character
             ... on level 5 of the Dungeon.
             The game lasted 00:16:09 (2956 turns).

Irenicus the Vexing (Gnoll Arcane Marksman)         Turns: 2956, Time: 00:16:09

Health: -2/52      AC:  3    Str: 12    XL:     7   Next: 20%
Magic:  9/12       EV: 15    Int: 16    God:
Gold:   173        SH:  0    Dex: 17    Spells: 4/13 levels left

rFire    . . .     SeeInvis .   h - +0 dagger
rCold    . . .     Faith    .   (no shield)
rNeg     . . .     Spirit   .   v - +0 leather armour
rPois    .         Reflect  .   o - +0 hat
rElec    .         Harm     .   (no cloak)
rCorr    .         Rampage  .   (no gloves)
MR       .....                  (no boots)
Stlth    ++........             b - amulet of the acrobat
HPRegen  0.17/turn              (no ring)
MPRegen  0.13/turn              (no ring)

@: no status effects
A: distributed training, fangs 1, strong nose
a: no special abilities


You were on level 5 of the Dungeon.
You visited 1 branch of the dungeon, and saw 5 of its levels.

You collected 173 gold pieces.

Inventory:

Hand Weapons
 h - a +0 dagger (weapon)
   (You took it off a kobold on level 1 of the Dungeon)
 p - a +1 hunting sling
   (You found it on level 1 of the Dungeon)
Missiles
 d - 2 throwing nets {=f, !d}
 e - 22 arrows
 m - 8 poisoned darts
 n - 94 stones
 t - 3 javelins (quivered)
Armour
 o - a +0 hat (worn)
   (You found it on level 1 of the Dungeon)
 v - a +0 leather armour (worn)
   (You found it on level 4 of the Dungeon)
 A - a +0 ring mail
   (You took it off an orc on level 3 of the Dungeon)
Jewellery
 b - an amulet of the acrobat (around neck)
   (You found it on level 1 of the Dungeon)
Scrolls
 a - a scroll of fog {unknown}
 f - a scroll of enchant weapon
 g - 4 scrolls of identify
 i - a scroll of random uselessness {unknown}
 l - a scroll of immolation {unknown}
 q - a scroll of blinking {unknown}
 r - a scroll of enchant armour {unknown}
Potions
 c - a potion of degeneration {unknown}
 j - 2 potions of heal wounds
 k - 2 potions of flight {unknown}
 s - 2 potions of mutation {unknown}
 u - a potion of stabbing {unknown}
 w - 2 potions of might {unknown}
 x - a potion of curing
 z - a potion of lignification {unknown}


   Skills:
 + Level 3.5 Fighting
 + Level 2.3 Short Blades
 + Level 2.3 Long Blades
 + Level 2.3 Axes
 + Level 2.3 Maces & Flails
 + Level 2.3 Polearms
 + Level 2.3 Staves
 + Level 2.3 Slings
 + Level 2.3 Bows
 + Level 2.3 Crossbows
 + Level 5.2 Throwing
 + Level 2.3 Armour
 + Level 5.2 Dodging
 + Level 2.3 Stealth
 + Level 2.3 Shields
 + Level 2.3 Unarmed Combat
 + Level 3.7 Spellcasting
 + Level 1.9 Conjurations
 + Level 5.8 Hexes
 + Level 1.9 Summonings
 + Level 1.9 Necromancy
 + Level 1.9 Translocations
 + Level 1.9 Transmutations
 + Level 1.9 Fire Magic
 + Level 1.9 Ice Magic
 + Level 1.9 Air Magic
 + Level 1.9 Earth Magic
 + Level 1.9 Poison Magic
 + Level 2.6 Invocations
 + Level 2.3 Evocations


You had 4 spell levels left.
You knew the following spells:

 Your Spells              Type           Power        Failure   Level
a - Inner Flame           Hex/Fire       ###.....     14%         3
b - Portal Projectile     Hex/Tloc       ###...       14%         3
s - Slow                  Hex            ###.....     3%          2
v - Corona                Hex            ###....      1%          1

Your spell library contained the following spells:

 Spells                   Type           Power        Failure   Level
 Cause Fear               Hex            ###.......   21%         4
 Leda's Liquefaction      Hex/Erth       ###.......   41%         4


Dungeon Overview and Level Annotations

Branches:
Dungeon (5/15)
 Temple: D:4-7

Altars:
Dithmenos
The Shining One

Annotations:
D:4 Dowan, Duvessa


Innate Abilities, Weirdness & Mutations

Your experience applies equally to all skills.
You have very sharp teeth.
Your uncanny sense of smell can sniff out nearby items.


Message History

The adder misses you.
Firing (i - inventory. (/) - cycle)
n - 98 stones (quivered)
Press: ? - help, Shift-Dir - straight line, f/p - orc wizard
Aim: an orc wizard, wielding a +0 dagger and wearing a +0 robe (moderately wounded)
You shoot a stone. The stone hits the orc wizard.
The orc wizard is moderately wounded.
The adder misses you. The adder bites you but does no damage.
Firing (i - inventory. (/) - cycle)
n - 97 stones (quivered)
Press: ? - help, Shift-Dir - straight line, f/p - orc wizard
Aim: an orc wizard, wielding a +0 dagger and wearing a +0 robe (moderately wounded)
You shoot a stone.
The stone hits the orc wizard but does no damage.
The orc wizard is moderately wounded.
The adder barely misses you.
The orc wizard hits you but does no damage.
Firing (i - inventory. (/) - cycle)
n - 96 stones (quivered)
Press: ? - help, Shift-Dir - straight line, f/p - orc wizard
Aim: an orc wizard, wielding a +0 dagger and wearing a +0 robe (moderately wounded)
You shoot a stone.
The stone hits the orc wizard but does no damage.
The orc wizard is moderately wounded.
The adder closely misses you. The adder bites you.
You are poisoned.
The adder poisons you!
The orc wizard hits you with a +0 dagger.
You take 5 damage, and have 40/52 hp.
Firing (i - inventory. (/) - cycle)
n - 95 stones (quivered)
Press: ? - help, Shift-Dir - straight line, f/p - orc wizard
Aim: an orc wizard, wielding a +0 dagger and wearing a +0 robe (moderately wounded)
You shoot a stone. The stone hits the orc wizard.
The orc wizard is heavily wounded.
You feel sick. The adder closely misses you.
The orc wizard casts a spell at you. The magic dart hits you.
You take 6 damage, and have 34/52 hp.
h - a +0 dagger (weapon)
The adder barely misses you. The orc wizard barely misses you.
You feel sick.
The orc wizard hits you but does no damage.
The adder completely misses you.
You take 1 damage, and have 34/52 hp.
The orc wizard hits you with a +0 dagger.
You take 2 damage, and have 32/52 hp.
You feel sick. The adder misses you.
The orc wizard mumbles some strange words.
The orc wizard blinks!
You take 1 damage, and have 31/52 hp.
The adder misses you.
You closely miss the adder. You bite the adder, but do no damage.
The adder is heavily wounded.
You feel sick. The adder misses you.
You take 1 damage, and have 31/52 hp.
You miss the adder.
The adder is heavily wounded.
The adder closely misses you.
You closely miss the adder.
The adder is heavily wounded.
The adder closely misses you.
Fire/throw which item? (* to show all) (? for menu, Esc to quit)
Throwing (i - inventory. (/) - cycle)
t - 5 javelins (quivered)
Press: ? - help, Shift-Dir - straight line, f - orc, p - orc wizard
Aim: an orc, wielding a +0 hand axe (wandering, hasn't noticed you)
You throw a javelin. The orc shouts!
The javelin pierces through the adder!
You kill the adder!
The javelin pierces through the orc!
You kill the orc!
The javelin closely misses the orc wizard.
The javelin barely misses the orc.
The orc wizard gestures wildly while chanting.
The orc wizard seems to speed up.
Casting: Corona (safe; 1% risk of failure)
Confirm with . or Enter, or press ? or * to list all spells.
Press: ? - help, Shift-Dir - straight line, f - orc wizard, p - orc
Aim: an orc wizard, wielding a +0 dagger and wearing a +0 robe (heavily wounded, fast, chance to defeat MR: 70%)
The orc wizard is filled with an inner flame.
You feel sick.
You take 1 damage, and have 31/52 hp.
You now have 9/12 mp.
Fire/throw which item? (* to show all) (? for menu, Esc to quit)
Throwing (i - inventory. (/) - cycle)
t - 4 javelins (quivered)
Press: ? - help, Shift-Dir - straight line, f/p - orc wizard
Aim: an orc wizard, wielding a +0 dagger and wearing a +0 robe (heavily wounded, fast, inner flame)
You throw a javelin.
The javelin barely misses the orc wizard.
The javelin pierces through the orc.
The orc is lightly wounded.
The orc wizard misses you. The orc wizard completely misses you.
You hit the orc wizard but do no damage.
Flame seeps out of the orc wizard.
You bite the orc wizard.
The orc wizard is severely wounded.
You feel sick.
You are no longer poisoned.
The orc wizard is engulfed in blazing flames.
The orc wizard explodes!
The fiery explosion engulfs you!!
Ouch! That really hurt!
You die...

######################
.......@○o.†.)#(...<.#
#############...(....#
..........§.......#
.........o........#
##.....(...#######
####o.##### #(## #. ((


You could see an orc.

Vanquished Creatures
  Sigmund (D:2)
  A howler monkey (D:4)
  A hound (D:5)
  An orc wizard (D:5)
  A jelly (D:3)
  A worker ant (D:5)
  9 adders
  4 gnolls (D:2)
  A worm (D:2)
  2 dart slugs
  5 leopard geckos
  5 orcs
  2 giant cockroaches (D:3)
  8 goblins
  7 hobgoblins
  6 jackals
  2 quokkas
  A ball python (D:2)
  8 bats
  6 frilled lizards
  6 kobolds
  A leopard gecko zombie (D:5)
  8 rats
87 creatures vanquished.

Notes
Turn   | Place    | Note
-------+----------+-------------------------------------------
     0 | D:1      | Irenicus the Gnoll Arcane Marksman began the quest for the
                  | Orb.
     0 | D:1      | Reached XP level 1. HP: 17/17 MP: 4/4
   108 | D:1      | Reached XP level 2. HP: 14/23 MP: 5/5
   580 | D:2      | Reached XP level 3. HP: 23/28 MP: 5/7
   625 | D:2      | Reached skill level 1 in Invocations
   762 | D:2      | Reached skill level 1 in Short Blades
   762 | D:2      | Reached skill level 1 in Long Blades
   762 | D:2      | Reached skill level 1 in Axes
   762 | D:2      | Reached skill level 1 in Maces & Flails
   762 | D:2      | Reached skill level 1 in Polearms
   762 | D:2      | Reached skill level 1 in Staves
   762 | D:2      | Reached skill level 1 in Slings
   762 | D:2      | Reached skill level 1 in Bows
   762 | D:2      | Reached skill level 1 in Crossbows
   762 | D:2      | Reached skill level 1 in Armour
   762 | D:2      | Reached skill level 1 in Stealth
   762 | D:2      | Reached skill level 1 in Shields
   762 | D:2      | Reached skill level 1 in Unarmed Combat
   762 | D:2      | Reached skill level 1 in Evocations
   815 | D:2      | Reached XP level 4. HP: 16/34 MP: 8/8
   830 | D:2      | Noticed Sigmund
   835 | D:2      | Reached skill level 3 in Spellcasting
   850 | D:2      | Reached skill level 1 in Conjurations
   850 | D:2      | Reached skill level 1 in Summonings
   850 | D:2      | Reached skill level 1 in Necromancy
   850 | D:2      | Reached skill level 1 in Translocations
   850 | D:2      | Reached skill level 1 in Transmutations
   850 | D:2      | Reached skill level 1 in Fire Magic
   850 | D:2      | Reached skill level 1 in Ice Magic
   850 | D:2      | Reached skill level 1 in Air Magic
   850 | D:2      | Reached skill level 1 in Earth Magic
   850 | D:2      | Reached skill level 1 in Poison Magic
   858 | D:2      | Killed Sigmund
   858 | D:2      | Reached skill level 3 in Fighting
   858 | D:2      | Reached skill level 2 in Invocations
   858 | D:2      | Reached XP level 5. HP: 19/41 MP: 8/10
   858 | D:2      | Reached XP level 6. HP: 22/47 MP: 8/11
  1272 | D:2      | Reached skill level 5 in Throwing
  1272 | D:2      | Reached skill level 5 in Dodging
  1370 | D:3      | Reached skill level 2 in Short Blades
  1370 | D:3      | Reached skill level 2 in Long Blades
  1370 | D:3      | Reached skill level 2 in Axes
  1370 | D:3      | Reached skill level 2 in Maces & Flails
  1370 | D:3      | Reached skill level 2 in Polearms
  1370 | D:3      | Reached skill level 2 in Staves
  1370 | D:3      | Reached skill level 2 in Slings
  1370 | D:3      | Reached skill level 2 in Bows
  1370 | D:3      | Reached skill level 2 in Crossbows
  1370 | D:3      | Reached skill level 2 in Armour
  1370 | D:3      | Reached skill level 2 in Stealth
  1370 | D:3      | Reached skill level 2 in Shields
  1370 | D:3      | Reached skill level 2 in Unarmed Combat
  1370 | D:3      | Reached skill level 2 in Evocations
  1428 | D:3      | Learned a level 2 spell: Slow
  1646 | D:3      | Found a shadowy altar of Dithmenos.
  2359 | D:4      | Found a glowing golden altar of the Shining One.
  2418 | D:4      | Noticed Duvessa
  2418 | D:4      | Noticed Dowan
  2440 | D:5      | Entered Level 5 of the Dungeon
  2541 | D:5      | Reached XP level 7. HP: 24/52 MP: 9/12
  2581 | D:5      | HP: 11/52 [orc wizard/magic dart (7)]
  2703 | D:4      | Learned a level 3 spell: Inner Flame
  2707 | D:4      | Learned a level 3 spell: Portal Projectile
  2956 | D:5      | Killed from afar by an orc wizard

Illustrated notes

Levels and vault maps discovered:
D:1:      dpeg_arrival_rooms_a, layout_rooms, bh_walls_and_bars
D:2:      layout_basic, minmay_misc_feat_columns, minmay_large_rounded_square,
          uniq_sigmund
D:3:      layout_basic, nicolae_overflow_crystal_walls, minmay_door_square
D:4:      layout_rooms, lemuel_doored_altar, palyth_stone_intersect,
          uniq_duvessa
D:5:      layout_rooms, zin_angel, serial_shops, shop_coins

Skill      XL: |  1  2  3  4  5  6 |
---------------+-------------------+-----
Invocations    | 1 2 |  2.6
Short Blades   | 1 2 |  2.3
Long Blades    | 1 2 |  2.3
Axes           | 1 2 |  2.3
Maces & Flails | 1 2 |  2.3
Polearms       | 1 2 |  2.3
Staves         | 1 2 |  2.3
Slings         | 1 2 |  2.3
Bows           | 1 2 |  2.3
Crossbows      | 1 2 |  2.3
Armour         | 1 2 |  2.3
Stealth        | 1 2 |  2.3
Shields        | 1 2 |  2.3
Unarmed Combat | 1 2 |  2.3
Evocations     | 1 2 |  2.3
Spellcasting   | 3 |  3.7
Conjurations   | 1 |  1.9
Summonings     | 1 |  1.9
Necromancy     | 1 |  1.9
Translocations | 1 |  1.9
Transmutations | 1 |  1.9
Fire Magic     | 1 |  1.9
Ice Magic      | 1 |  1.9
Air Magic      | 1 |  1.9
Earth Magic    | 1 |  1.9
Poison Magic   | 1 |  1.9
Fighting       | 3 |  3.5
Throwing       | 5 |  5.2
Dodging        | 5 |  5.2
Hexes          | |  5.8

Action                   |  1- 3 |  4- 6 |  7- 9 || total
-------------------------+-------+-------+-------++-------
Melee: Unarmed           |     9 |       |       ||     9
       Dagger            |    32 |   174 |    25 ||   231
       Bite              |     3 |    20 |     5 ||    28
       Punch             |       |     1 |       ||     1
 Fire: Hunting sling     |    28 |    47 |    36 ||   111
Throw: Javelin           |    15 |     6 |     2 ||    23
       Dart              |     6 |    10 |       ||    16
       Stone             |     1 |       |       ||     1
 Cast: Corona            |    10 |     4 |     7 ||    21
       Slow              |       |     7 |     7 ||    14
       Inner Flame       |       |       |     1 ||     1
  Use: Scroll            |       |     6 |       ||     6
 Stab: Sleeping          |     1 |     2 |       ||     3
Armor: Robe              |     6 |    20 |       ||    26
       Ring mail         |       |     8 |     2 ||    10
       Leather armour    |       |       |     2 ||     2
Dodge: Dodged            |    62 |   166 |    35 ||   263

Table legend: (Time is in decaauts)
 A = Elapsed time spent in this place.
 B = Non-inter-level travel time spent in this place.
 C = Inter-level travel time spent in this place.
 D = Time resting spent in this place.
 E = Time spent auto-exploring this place.
 F = Levels seen in this place.
 G = Mean time per level.
                   A        B        C        D        E       F      G
               +--------+--------+--------+--------+--------+-----+--------+
         Total |   2945 |   2841 |    104 |    104 |   1654 |   5 |  589.0 |
       Dungeon |   2945 |   2841 |    104 |    104 |   1654 |   5 |  589.0 |
               +--------+--------+--------+--------+--------+-----+--------+

Top non-repeatable levels by time:
     D:3: 903 daAuts
     D:2: 763 daAuts
     D:1: 576 daAuts
     D:4: 510 daAuts
     D:5: 191 daAuts

Table legend:
 A = Kills in this place as a percentage of kills in entire the game.
 B = Kills by you in this place as a percentage of kills by you in the entire game.
 C = Kills by friends in this place as a percentage of kills by friends in the entire game.
 D = Other kills in this place as a percentage of other kills in the entire game.
 E = Experience gained in this place as a percentage of experience gained in the entire game.
 F = Experience gained in this place divided by the number of levels of this place that you have seen.
                   A       B       C       D       E      F
               +-------+-------+-------+-------+-------+----------------------
         Total | 100.0 | 100.0 |   N/A |   N/A | 100.0 | 147.8
       Dungeon | 100.0 | 100.0 |   N/A |   N/A | 100.0 | 147.8
               +-------+-------+-------+-------+-------+----------------------
